 Dungeon Crawl Stone Soup version 0.32-a0-136-gc02482bde3 (webtiles) character file.

Game seed: 1471757685634529601

189 Firecrotchwizard the Chiller (level 5, -4/31 (35) HPs)
             Began as a Barachi Ice Elementalist on Feb 10, 2024.
             Slain by a wight
             ... wielding a +4 dagger of freezing
              (12 damage)
             ... on level 3 of the Dungeon.
             The game lasted 00:05:57 (2437 turns).

Firecrotchwizard the Chiller (BaIE)                 Turns: 2437, Time: 00:05:58

HP:   -4/31 (35)    AC:  8    Str: 10    XL:     5   Next: 68%
MP:   3/10          EV: 12    Int: 17    God:
Gold: 95            SH:  0    Dex: 12    Spells: 7/11 levels left

rFire   . . .        s - +0 dagger
rCold   . . .        (no shield)
rNeg    . . .        a - +0 robe
rPois   .            j - +0 helmet
rElec   .            o - +0 cloak
rCorr   .            c - +2 pair of gloves
SInv    .            t - +0 pair of boots
Will    .....        (no amulet)
Stlth   ++           (no ring)
HPRegen 0.25/turn    (no ring)
MPRegen 0.12/turn

%: no passive effects
@: heavily drained, slow
A: amphibious, slowness 1, strong legs 1, +LOS
a: Hop


You were on level 3 of the Dungeon.
You visited 1 branch of the dungeon, and saw 3 of its levels.

You collected 95 gold pieces.

Inventory:

Hand Weapons
 s - a +0 dagger (weapon)
Armour
 a - a +0 robe (worn)
 c - a +2 pair of gloves (worn)
 j - a +0 helmet (worn)
 o - a +0 cloak (worn)
 t - a +0 pair of boots (worn)
Wands
 p - a wand of flame (12)
Scrolls
 e - a scroll of fog {unknown}
 f - a scroll of enchant weapon {unknown}
 g - a scroll of identify {unknown}
 h - a scroll of immolation {unknown}
 i - a scroll of noise {unknown}
 m - a scroll of vulnerability {unknown}
 q - a scroll of poison {unknown}
 r - a scroll of enchant armour {unknown}
 u - a scroll of silence {unknown}
Potions
 b - 2 potions of magic
 d - 2 potions of enlightenment {unknown}
 k - a potion of brilliance {unknown}
 l - a potion of degeneration {unknown}
 n - a potion of berserk rage {unknown}


   Skills:
 - Level 2.1 Dodging
 - Level 1.7 Stealth
 + Level 3.7 Spellcasting
 * Level 7.2 Ice Magic


You had 7 spell levels left.
You knew the following spells:

 Your Spells              Type           Power      Damage    Failure   Level
a - Freeze                Ice            100%       1d10      1%          1
b - Frozen Ramparts       Ice            54%        1d9       2%          3

Your spell library contained the following spells:

 Spells                   Type           Power      Damage    Failure   Level
 Ozocubu's Armour         Ice            27%        N/A       2%          3
 Summon Ice Beast         Ice/Summ       15%        N/A       11%         3
 Lesser Beckoning         Tloc           6%         N/A       24%         2
 Dazzling Flash           Conj/Hex       6%         N/A       43%         3
 Gell's Gravitas          Tloc           3%         N/A       43%         3
 Mephitic Cloud           Conj/Alch/Air  3%         N/A       43%         3
 Teleport Other           Tloc           3%         N/A       43%         3
 Curse of Agony           Necr           3%         N/A       99%         5
 Silence                  Hex/Air        1%         N/A       99%         5


Dungeon Overview and Level Annotations

Branches:
Dungeon (3/15)

Altars:


Innate Abilities, Weirdness & Mutations

You are amphibious.
You cover ground slowly.
You can hop short distances.
You have an extended range of vision and can be seen from far away.


Message History

The wall freezes the wight but does no damage.
The wight hits you with a +4 dagger of freezing.
You feel drained. The wight freezes you.
You hit the wight.
The wight is lightly damaged.
The wight completely resists.
The wall freezes the wight but does no damage.
The wight hits you with a +4 dagger of freezing.
The wight freezes you.
You barely miss the wight.
The wight is lightly damaged.
The wight completely resists.
The wall freezes the wight but does no damage.
The wight hits you with a +4 dagger of freezing.
The wight freezes you.
You barely miss the wight.
The wight is lightly damaged.
The wight resists.
The wall freezes the wight.
The wight closely misses you.
You hit the wight but do no damage.
The wight is lightly damaged.
The wight completely resists.
The wall freezes the wight but does no damage.
The wight hits you with a +4 dagger of freezing.
The wight freezes you.
You closely miss the wight.
The wight is lightly damaged.
The wall freezes the wight but does no damage.
The wight hits you with a +4 dagger of freezing.
* * * LOW HITPOINT WARNING * * *
The wight freezes you.
* * * LOW HITPOINT WARNING * * *
Unknown command.
You are too injured to fight recklessly!
You are too injured to fight recklessly!
Casting: Frozen Ramparts (dangerous; 2% risk of failure)
Confirm with . or Enter, or press ? or * to list all spells.
Aiming: Freeze (safe; 1% risk of failure)
Press: ? - help, Shift-Dir - straight line, f - wight
Aim: a wight, wielding a +4 dagger of freezing and wearing a +0 robe (lightly damaged)
You freeze the wight but do no damage.
The wight completely resists.
The wall freezes the wight but does no damage.
The wight hits you with a +4 dagger of freezing.
* * * LOW HITPOINT WARNING * * *
The wight freezes you.
* * * LOW HITPOINT WARNING * * *
Casting: Freeze (safe; 1% risk of failure)
Confirm with . or Enter, or press ? or * to list all spells.
Aiming: Freeze (safe; 1% risk of failure)
Press: ? - help, Shift-Dir - straight line, f/p - wight
Aim: a wight, wielding a +4 dagger of freezing and wearing a +0 robe (lightly damaged)
You freeze the wight but do no damage.
The wight completely resists.
The wall freezes the wight but does no damage.
The wight hits you with a +4 dagger of freezing.
* * * LOW HITPOINT WARNING * * *
You feel drained.
* * * LOW HITPOINT WARNING * * *
The wight freezes you.
* * * LOW HITPOINT WARNING * * *
Aiming: Throw Flame
Press: ? - help, Shift-Dir - straight line, f/p - wight
Aim: a wight, wielding a +4 dagger of freezing and wearing a +0 robe (lightly damaged, 68% to hit)
The puff of flame misses the wight.
A wight comes into view. It is wielding a +1 falchion.
The wight resists.
The wall freezes the wight.
The wight misses you.
Okay, then.
Okay, then.
Okay, then.
Casting: Freeze (safe; 1% risk of failure)
Confirm with . or Enter, or press ? or * to list all spells.
Aiming: Freeze (safe; 1% risk of failure)
Press: ? - help, Shift-Dir - straight line, f/p - wight
Aim: a wight, wielding a +4 dagger of freezing and wearing a +0 robe (moderately damaged)
You freeze the wight.
The wight resists.
The wight is moderately damaged.
The wall freezes the wight but does no damage.
The wight barely misses you.
Casting: Freeze (safe; 1% risk of failure)
Confirm with . or Enter, or press ? or * to list all spells.
Aiming: Freeze (safe; 1% risk of failure)
Press: ? - help, Shift-Dir - straight line, f/p - wight
Aim: a wight, wielding a +4 dagger of freezing and wearing a +0 robe (moderately damaged)
You freeze the wight.
The wight resists.
The wight is moderately damaged.
* * * LOW MAGIC WARNING * * *
The frozen ramparts melt away.
The wight closely misses you.
Casting: Freeze (safe; 1% risk of failure)
Confirm with . or Enter, or press ? or * to list all spells.
Aiming: Freeze (safe; 1% risk of failure)
Press: ? - help, Shift-Dir - straight line, f/p - wight
Aim: a wight, wielding a +4 dagger of freezing and wearing a +0 robe (moderately damaged)
You freeze the wight.
The wight resists.
The wight is moderately damaged.
* * * LOW MAGIC WARNING * * *
The wight hits you with a +4 dagger of freezing.
* * * LOW HITPOINT WARNING * * *
You feel drained. The wight freezes you.
* * * LOW HITPOINT WARNING * * *
The wight attacks as it pursues you!
The wight hits you with a +4 dagger of freezing!
You die...

##...............#
#####.....######
#####.###.#
#######
......###.##
####.......
########...#
#......# # #...#
#..#.#.# # #...#
##.## .. # #...#
#####.#####.#.
#### #...#
#.@z...z.....#
...# #...#
#.#######......
##.#####...####.#
.....
.(.............# .
.
................#
......>.........#
...#####...####.#
..## #...# #.# ..#
#...# #..


You could see 2 wights.

Vanquished Creatures
  Jessica (D:2)
  Natasha (thrice) (D:2)
  Robin (D:2)
  A gnoll (D:1)
  An adder (D:3)
  7 ball pythons
  3 endoplasms
  A giant cockroach (D:2)
  11 goblins
  6 hobgoblins
  6 jackals
  A quokka (D:2)
  2 bats
  3 frilled lizards
  3 kobolds
  8 rats
58 creatures vanquished.

Notes
Turn   | Place    | Note
-------+----------+-------------------------------------------
     0 | D:1      | Firecrotchwizard the Barachi Ice Elementalist began the
                  | quest for the Orb.
     0 | D:1      | Reached XP level 1. HP: 13/13 MP: 3/3
   194 | D:1      | Reached skill level 5 in Ice Magic
   238 | D:1      | Reached XP level 2. HP: 18/19 MP: 5/5
   498 | D:1      | Reached XP level 3. HP: 24/24 MP: 7/7
  1246 | D:2      | Noticed Natasha
  1253 | D:2      | Learned a level 3 spell: Frozen Ramparts
  1256 | D:2      | Killed Natasha
  1257 | D:2      | Reached skill level 6 in Ice Magic
  1257 | D:2      | Reached XP level 4. HP: 30/30 MP: 3/8
  1386 | D:2      | Found a faded altar of an unknown god.
  1420 | D:2      | Noticed Natasha
  1424 | D:2      | Killed Natasha
  1519 | D:2      | Noticed Robin
  1546 | D:2      | Killed Robin
  1547 | D:2      | Reached XP level 5. HP: 34/35 MP: 4/10
  1859 | D:2      | Noticed Jessica
  1862 | D:2      | Killed Jessica
  1927 | D:2      | Noticed Natasha
  1936 | D:2      | Killed Natasha
  1937 | D:2      | Reached skill level 7 in Ice Magic
  2437 | D:3      | Slain by a wight

Illustrated notes

Levels and vault maps discovered:
D:1:      minmay_arrival_floating_metal, layout_basic, minmay_vboxes
D:2:      layout_basic, hellmonk_ecumenical_altar_inner_sanctum,
          kennysheep_generic_room_9, uniq_natasha, uniq_jessica, uniq_robin
D:3:      layout_loops_cross

Skill      XL: |  1  2  3  4  5 |
---------------+----------------+-----
Ice Magic      | 5 6 7 |  7.2
Spellcasting   | 3 |  3.7
Dodging        | |  2.1
Stealth        | |  1.7

Action                     |  1- 3 |  4- 6 || total
---------------------------+-------+-------++-------
  Melee: Dagger            |    67 |    83 ||   150
         Unarmed           |     2 |       ||     2
         Punch             |     2 |     1 ||     3
   Cast: Freeze            |    14 |    12 ||    26
         Frozen Ramparts   |     1 |     6 ||     7
  Evoke: Wand              |       |     1 ||     1
   Stab: Sleeping          |     2 |     3 ||     5
 Armour: Robe              |    43 |    44 ||    87
  Dodge: Dodged            |    54 |    50 ||   104

Table legend: (Time is in decaauts)
 A = Elapsed time spent in this place.
 B = Non-inter-level travel time spent in this place.
 C = Inter-level travel time spent in this place.
 D = Time resting spent in this place.
 E = Time spent auto-exploring this place.
 F = Levels seen in this place.
 G = Mean time per level.
                   A        B        C        D        E       F      G
               +--------+--------+--------+--------+--------+-----+--------+
         Total |   2772 |   2648 |    124 |    285 |   1911 |   3 |  924.0 |
       Dungeon |   2772 |   2648 |    124 |    285 |   1911 |   3 |  924.0 |
               +--------+--------+--------+--------+--------+-----+--------+

Top non-repeatable levels by time:
     D:1: 1355 daAuts
     D:2: 973 daAuts
     D:3: 443 daAuts
